 Dungeon Crawl Stone Soup version 0.31.0-11-ge490571c62 (webtiles) character file.

Game seed: 10145561166335328609

126 SmokeWeed the Ruffian (level 5, -11/33 HPs)
             Began as an Octopode Shapeshifter on Feb 4, 2024.
             Killed by divine providence
             ... invoked by an orc priest
              (12 damage)
             ... on level 4 of the Dungeon.
             The game lasted 00:04:03 (2145 turns).

SmokeWeed the Ruffian (Octopode Shapeshifter)       Turns: 2145, Time: 00:04:04

Health: -11/33     AC:  1    Str: 13    XL:     5   Next: 10%
Magic:  5/5        EV: 13    Int: 14    God:
Gold:   142        SH:  0    Dex: 12    Spells: 4/4 levels left

rFire   + .          .
                       - Unarmed
rCold   x . .        i - orb {mayhem}
rNeg    . . .        (helmet currently unavailable)
rPois   .            m - amulet of faith
rElec   .            g - ring of fire
rCorr   .            (no ring)
SInv    .            (no ring)
Will    .....        (no ring)
Stlth   +++          (no ring)
HPRegen 0.25/turn    (no ring)
MPRegen 0.09/turn    (no ring)
                     (no ring)

%: mayhem, faith
@: beast-form
A: beast (slay +2), almost no armour, amphibious, 8 rings, camouflage 1,
gelatinous body 1, (nimble swimmer 1), tentacles
a: Begin Untransformation


You were on level 4 of the Dungeon.
You were a hulking beast.
You visited 1 branch of the dungeon, and saw 4 of its levels.

You collected 142 gold pieces.

Inventory:

Hand Weapons
 d - a +1 mace
Missiles
 j - 9 poisoned darts (quivered)
 k - 5 boomerangs
Armour
 i - an orb of mayhem (worn)
Magical Staves
 l - a staff of earth
Jewellery
 g - a ring of fire (left tentacle)
 h - a ring of resist corrosion
 m - an amulet of faith (around mantle)
Talismans
 b - a beast talisman
 c - a flux talisman
Scrolls
 e - 4 scrolls of poison
 n - a scroll of identify
Potions
 a - a potion of lignification
 f - a potion of mutation {unknown}
 o - a potion of degeneration


   Skills:
 + Level 1.3 Fighting
 + Level 2.3 Dodging
 + Level 2.7 Stealth
 + Level 4.1 Unarmed Combat
 + Level 3.8 Shapeshifting


You had 4 spell levels left.
You didn't know any spells.
Your spell library was empty.

Dungeon Overview and Level Annotations

Branches:
Dungeon (4/15)
 Temple: D:4-7

Altars:
Gozag
Wu Jian


Innate Abilities, Weirdness & Mutations

You are a hulking beast.
Your limbs bulge with bestial killing power. (Slay +2)
You cannot wear most types of armour.
You are amphibious.
You can wear up to eight rings at the same time.
Your skin changes colour to match your surroundings (Stealth+).
Your rubbery body absorbs attacks. (AC +1, EV +1)
((You are camouflaged when in or above water. (Stealth+)))
You have tentacles for arms and can constrict up to eight enemies at once.


Message History

You constrict the iguana. The iguana closely misses you.
You tentacle-slap the iguana but do no damage.
The iguana is almost dead.
You constrict the iguana.
You kill the iguana!
Your Unarmed Combat skill increases to level 4!
You have reached level 5!
You feel agile.
Found a stone staircase leading up.
You see here an iguana corpse.
h - a ring of resist corrosion An orc comes into view.
It is wielding a +0 war axe.
The orc shouts!
You hear a shout!
An orc warrior comes into view. It is wielding a +0 short sword.
An orc priest comes into view. It is wielding a +0 whip.
An orc priest and a goblin come into view.
Found a sling.
The orc warrior shouts!
An orc comes into view. It is wielding a +0 club.
The orc priest mumbles some strange prayers to Beogh against you.
Beogh smites you! The orc hits you with a +0 war axe!
The orc priest shouts!
The orc shouts!
The goblin shouts!
You tentacle-slap the orc. You grab the orc.
The orc is severely wounded.
You constrict the orc.
The orc priest calls upon Beogh to heal the orc.
The orc is healed somewhat.
The orc priest invokes the aid of Beogh against you.
Beogh smites you!
* * * LOW HITPOINT WARNING * * *
The orc barely misses you.
You bludgeon the orc!
You kill the orc!
The orc warrior unwields a +0 short sword.
The orc warrior wields a +0 arbalest.
The orc warrior shoots a bolt.
The bolt misses you.
The orc priest mumbles some strange prayers to Beogh against you.
Beogh smites you!
You die... .......# .......# ....).##§§ .......# .....#o§ ....... ......g ...... .ooo.

...##### ....
..)#..8#.... #..
......_#....####)#+####
...#..8#........h.....#
########....####.######
# #.........# #.# #
#.........# #.# #
#.........###.# #
..............#
###.#.#..###.#####
..#.#.#...##.#######
#.#.<.#.............


You could see an orc warrior, 2 orc priests, an orc and a goblin.

Vanquished Creatures
  An iguana (D:4)
  4 adders
  2 ribbon worms (D:3)
  2 dart slugs (D:1)
  4 orcs
  7 bats
  6 endoplasms
  4 hobgoblins
  6 kobolds
  5 quokkas
  3 ball pythons
  A frilled lizard (D:1)
  7 goblins
  A rat (D:1)
53 creatures vanquished.

Notes
Turn   | Place    | Note
-------+----------+-------------------------------------------
     0 | D:1      | SmokeWeed the Octopode Shapeshifter began the quest for the
                  | Orb.
     0 | D:1      | Reached XP level 1. HP: 13/13 MP: 1/1
    93 | D:1      | Reached XP level 2. HP: 17/18 MP: 2/2
   310 | D:1      | Reached XP level 3. HP: 23/23 MP: 3/3
   839 | D:2      | Reached skill level 1 in Stealth
   839 | D:2      | Reached XP level 4. HP: 25/28 MP: 4/4
  1636 | D:3      | Found an ornate altar of the Wu Jian Council.
  2060 | D:4      | Found an opulent altar of Gozag.
  2103 | D:4      | Reached skill level 4 in Unarmed Combat
  2103 | D:4      | Reached XP level 5. HP: 33/33 MP: 5/5
  2141 | D:4      | Noticed an orc warrior
  2144 | D:4      | HP: 1/33 [orc priest/divine providence (13)]
  2145 | D:4      | Killed from afar by an orc priest

Illustrated notes

Levels and vault maps discovered:
D:1:      saegor_arrival_simple_c, layout_basic
D:2:      layout_basic
D:3:      layout_loops_ring, nicolae_wu_jian_wuxing_cycle
D:4:      layout_basic, grunt_gozag_breadcrumbs, overflow_temple_1_default,
          minmay_temple_entry_mist, serial_bayou_pond_d,
          minmay_shop_enchanted_jewellery, uniq_natasha, uniq_pargi,
          uniq_menkaure

Skill      XL: |  1  2  3  4 |
---------------+-------------+-----
Stealth        | 1 2 |  2.7
Unarmed Combat | 4 |  4.1
Fighting       | |  1.3
Dodging        | |  2.3
Shapeshifting  | |  3.8

Action                     |  1- 3 |  4- 6 || total
---------------------------+-------+-------++-------
  Melee: Unarmed           |    57 |    45 ||   102
         Constrict         |    13 |    12 ||    25
         Tentacles         |     6 |     9 ||    15
         Punch             |       |     3 ||     3
    Use: Scroll            |     6 |     1 ||     7
   Stab: Sleeping          |     8 |     4 ||    12
 Armour: Skin              |    18 |    11 ||    29
  Dodge: Dodged            |    27 |    25 ||    52
